 Dungeon Crawl Stone Soup version 0.28.0-43-g3370ac3207 (webtiles) character file.

Game seed: 17387030283727638632

2 Descartes the Sneak (level 1, -2/10 HPs)
             Began as a Felid Delver on Mar 27, 2022.
             Shot with an arrow by a centaur (12 damage)
             ... on level 5 of the Dungeon.
             The game lasted 00:00:31 (66 turns).

Descartes the Sneak (Felid Delver)                    Turns: 66, Time: 00:00:32

Health: -2/10      AC:  5    Str:  8    XL:     1   Next: 25%
Magic:  2/2        EV: 17    Int: 11    God:
Gold:   0          SH:  0    Dex: 17    Spells: 0/0 levels left
                                        Lives:  0   Deaths: 0

rFire   . . .      SeeInvis +     - Unarmed
rCold   . . .      Faith    .   (shield unavailable)
rNeg    . . .      Spirit   .   (armour unavailable)
rPois   .          Reflect  .   (helmet unavailable)
rElec   .          Harm     .   (cloak unavailable)
rCorr   .          Rampage  .   (gloves unavailable)
Will    .....                   (boots unavailable)
Stlth   ++++......              (no amulet)
HPRegen 0.03/turn               i - +4 ring of protection
MPRegen 0.08/turn               (no ring)

@: quick
A: very small, claws 1, fangs 3, see invisible, speed 1, shaggy fur 1, stealthy
paws, no weapons or thrown items, no armour, multi-lived
a: no special abilities


You were on level 5 of the Dungeon.
You visited 1 branch of the dungeon, and saw 1 of its levels.

Inventory:

Jewellery
 i - a +4 ring of protection (left paw)
Wands
 e - a wand of digging (3)
 j - a wand of acid (14)
Scrolls
 a - a scroll of fog
 b - a scroll of magic mapping
 c - a scroll of fear
 g - a scroll of enchant weapon {unknown}
 h - a scroll of amnesia {unknown}
Potions
 d - a potion of haste
 f - a potion of curing {unknown}


   Skills:
 - Level 3.0 Fighting
 + Level 2.7 Dodging
 + Level 6.7 Stealth
 + Level 2.0 Unarmed Combat


You couldn't memorise any spells.
You didn't know any spells.
Your spell library was empty.

Dungeon Overview and Level Annotations

Branches:
Dungeon (5/15)
 Temple: D:4-7

Altars:

Shops:
D:5 (


Innate Abilities, Weirdness & Mutations

You have sharp claws.
You have razor-sharp teeth.
You have supernaturally acute eyesight. (SInv)
You cover ground quickly. (Speed+)
You are covered in fur. (AC +1)
Your paws help you pounce on unaware monsters.
You are incapable of wielding weapons or throwing items.
You cannot wear armour.
You gain extra lives every three experience levels.


Message History

Welcome, Descartes the Felid Delver.
You feel drawn to the Orb of Zot, downwards into the unfathomable depths...
Press ? for a list of commands and other information.
Found four items.
Found Beenguj's Antique Weapon Emporium.
Found a stone staircase leading down and a stone staircase leading up.
There is an entrance to Beenguj's Antique Weapon Emporium here.
Unknown command.
f - a fuming grey potion
g - a scroll labelled TIATIONGAL
h - a scroll labelled POTUJOZ NOIR An orc comes into view.
It is wielding a +0 mace.
Found a ruby ring and a glowing glass wand.
Found a pink potion.
You pounce on the unaware helpless orc!
You mangle the orc!!
You kill the orc!
Found a scroll labelled CIB DELITUENWI.
Things that are here:
a +0 mace; a +0 leather armour; an orc corpse A centaur comes into view.
i - a +4 ring of protection
j - a wand of acid (14)
i - a +4 ring of protection (left paw)
An iguana comes into view.
The iguana hisses angrily.
The iguana misses you.
There is a fountain of clear blue water here.
You closely miss the iguana. You bite the iguana.
The iguana is lightly wounded.
The iguana misses you.
The centaur shouts!
You scratch the iguana but do no damage.
The centaur wields a +0 shortbow.
The centaur shoots an arrow.
The arrow hits you!
Ouch! That really hurt!
You die...

# #### ########## ..
....##c.......##
.........#...##...##
c..##...#..#.#.....###
#..##..#..##.........#
.#....#...## #..@l.#.#
..#..#.....###..........
#..##..##............##.
#..##..##.#######.#...#
..#..#.......# .#.#.#
.#....#......# .. . ..
#..##..#.....# ##. . .
...##...#....# ##.#
.........#...#


You could see a centaur and an iguana.

Vanquished Creatures
  An orc (D:5)
1 creature vanquished.

Notes
Turn   | Place    | Note
-------+----------+-------------------------------------------
     0 | D:5      | Descartes the Felid Delver began the quest for the Orb.
     0 | D:5      | Reached XP level 1. HP: 10/10 MP: 2/2
    40 | D:5      | Noticed a centaur
    60 | D:5      | Noticed an iguana
    66 | D:5      | Shot with an arrow by a centaur

Illustrated notes

Levels and vault maps discovered:
D:5:      layout_loops_cross, minmay_temple_entry_wispy, serial_shops,
          nicolae_stop_n_shop_1, solitary_fountain, minivault_26

Action                   || total
-------------------------++-------
Melee: Unarmed           ||     3
       Bite              ||     1
 Stab: Sleeping          ||     1
Dodge: Dodged            ||     2
